 Dungeon Sprint DCSS version 0.27.1 (webtiles) character file.

Game seed: 8262535411461666651

1848 styxcanada the Unseen (level 8, -11/44 HPs)
             Began as a Spriggan Brigand on Aug 22, 2021.
             Was an Initiate of Gozag.
             Killed from afar by a burning bush (14 damage)
             ... with a puff of flame
             ... in the Dungeon (Sprint IV: "Fedhas' Mad Dash").
             The game lasted 00:08:14 (1589 turns).

styxcanada the Unseen (Spriggan Brigand)            Turns: 1589, Time: 00:08:14

Health: -11/44     AC:  3    Str:  7    XL:     8   Next: 88%
Magic:  9/9        EV: 23    Int: 12    God:    Gozag
Gold:   998        SH:  8    Dex: 19    Spells: 7/7 levels left

rFire    . . .     SeeInvis +   a - +2 dagger
rCold    . . .     Faith    .   l - +2 buckler {reflect}
rNeg     . . .     Spirit   .   b - +0 robe
rPois    .         Reflect  +   (helmet restricted)
rElec    .         Harm     .   c - +0 cloak
rCorr    .         Rampage  .   (gloves unavailable)
Will     +....     NoTele   +   (boots unavailable)
Stlth    ++++++++..             j - amulet of invisibility {+Inv}
HPRegen  0.14/turn              (no ring)
MPRegen  0.11/turn              (no ring)

@: very slightly contaminated, very quick
A: very small, no large weapons, unfitting armour, see invisible, speed 3
a: Renounce Religion, Evoke Invisibility, Potion Petition, Call Merchant, Bribe
Branch


You were in the Dungeon.
You worshipped Gozag.
Gozag was pleased with you.
You visited 1 branch You collected 998 gold pieces.

Inventory:

Hand Weapons
 a - a +2 dagger (weapon)
Missiles
 d - 6 poisoned darts (quivered)
 e - 2 curare-tipped darts
 g - 29 stones
Armour
 b - a +0 robe (worn)
 c - a +0 cloak (worn)
 l - a +2 buckler of reflection (worn)
Jewellery
 j - the amulet of invisibility (around neck) {+Inv}
   (You found it in the Dungeon)

   [amulet of nothing]

   +Inv:      It lets you turn invisible.
Scrolls
 k - a scroll of blinking
Potions
 f - a potion of curing
 h - a potion of haste
 i - 2 potions of magic


   Skills:
 * Level 5.8 Fighting
 + Level 4.4 Short Blades
 + Level 6.8 Throwing
 * Level 9.0 Dodging
 * Level 20.0 Stealth
 * Level 1.6 Shields
 * Level 9.3 Evocations


You had 7 spell levels left.
You didn't know any spells.
Your spell library was empty.

Dungeon Overview and Level Annotations

Branches:
Dungeon (1/1)

Altars:
Cheibriados
Dithmenos
Elyvilon
Gozag
Hepliaklqana
Kikubaaqudgha
Makhleb
Nemelex Xobeh
Okawaru
Qazlal
Ru
Sif Muna
Trog
Uskayaw
Vehumet
Wu Jian
Xom
Yredelemnul
Zin
The Shining One
Beogh
Jiyva
Lugonu


Innate Abilities, Weirdness & Mutations

You are very small and have problems with some larger weapons.
You are too small for most types of armour.
You have supernaturally acute eyesight. (SInv)
You cover ground extremely quickly. (Speed+++)


Message History

The burning bush is almost destroyed.
You hit the burning bush.
The burning bush is almost destroyed.
You hit the burning bush.
The burning bush is almost destroyed.
The burning bush throws fire at you. The puff of flame hits you!
You hit the burning bush but do no damage.
The burning bush is almost destroyed.
The burning bush throws fire at you. The puff of flame misses you.
You completely miss the burning bush.
The burning bush is almost destroyed.
You hit the burning bush but do no damage.
The burning bush is almost destroyed.
The burning bush throws fire at you. The puff of flame hits you.
You hit the burning bush but do no damage.
The burning bush is almost destroyed.
The burning bush throws fire at you. The puff of flame misses you.
You hit the burning bush but do no damage.
The burning bush is almost destroyed.
The burning bush throws fire at you. The puff of flame misses you.
You hit the burning bush.
The burning bush is almost destroyed.
The burning bush throws fire at you. The puff of flame misses you.
You hit the burning bush but do no damage.
The burning bush is almost destroyed.
The burning bush throws fire at you. The puff of flame hits you!
* * * LOW HITPOINT WARNING * * *
You hit the burning bush but do no damage.
The burning bush is almost destroyed.
The burning bush throws fire at you. The puff of flame hits you!
You die...
Your body crumbles into a pile of gold.

#<÷..#.....#.....#.⌠._._.
#P...'.[...'.#[).'.._._._
#PPPP#.....#.#...#..._._.
###############'##.._._._
#...♣........'...#._._._.
#......♣.....#...########
#.....♣..♣..######
##'####'######$)+
#(.#....@......$#
#.[#..###P...$..# $ $
####### #########


You could see a burning bush.

Vanquished Creatures
  2 oklob plants (D)
  A burning bush (D)
  A wandering mushroom (D)
  A queen bee (D)
  2 scorpions (D)
  4 killer bees (D)
  5 oklob saplings (D)
  2 spriggans (D)
  A river rat (D)
  A rat (D)
20 creatures vanquished.

Vanquished Creatures (others)
  2 fungi (D)
2 creatures vanquished.

Grand Total: 22 creatures vanquished

Notes
Turn   | Place    | Note
-------+----------+-------------------------------------------
     0 | D        | styxcanada the Spriggan Brigand began the quest for the
                  | Orb.
     0 | D        | Reached XP level 1. HP: 10/10 MP: 2/2
    22 | D        | Reached skill level 7 in Stealth
    22 | D        | Reached XP level 2. HP: 5/15 MP: 3/3
   234 | D        | Noticed an oklob sapling
   242 | D        | Killed an oklob sapling
   243 | D        | Reached skill level 9 in Stealth
   243 | D        | Reached XP level 3. HP: 18/18 MP: 4/4
   396 | D        | Noticed a scorpion
   396 | D        | Found the amulet of invisibility {+Inv}
   398 | D        | Killed a scorpion
   399 | D        | Reached skill level 11 in Stealth
   399 | D        | Reached XP level 4. HP: 23/23 MP: 5/5
   519 | D        | Found an opulent altar of Gozag.
   519 | D        | Found a hazy altar of Hepliaklqana.
   519 | D        | Found a burning altar of Makhleb.
   519 | D        | Found a sparkling altar of Nemelex Xobeh.
   519 | D        | Found a snail-covered altar of Cheibriados.
   519 | D        | Found a sacrificial altar of Ru.
   519 | D        | Found a shimmering blue altar of Sif Muna.
   519 | D        | Found a shimmering altar of Xom.
   519 | D        | Found a basalt altar of Yredelemnul.
   520 | D        | Found a viscous altar of Jiyva.
   520 | D        | Found a bloodstained altar of Trog.
   520 | D        | Found an ornate altar of the Wu Jian Council.
   521 | D        | Found an iron altar of Okawaru.
   521 | D        | Found a shadowy altar of Dithmenos.
   521 | D        | Found a glowing silver altar of Zin.
   522 | D        | Found an ancient bone altar of Kikubaaqudgha.
   522 | D        | Found a hide-covered altar of Uskayaw.
   523 | D        | Found a stormy altar of Qazlal.
   523 | D        | Found a white marble altar of Elyvilon.
   523 | D        | Found a glowing golden altar of the Shining One.
   524 | D        | Became a worshipper of Gozag Ym Sagoz the Greedy
   525 | D        | Found a corrupted altar of Lugonu.
   525 | D        | Found a radiant altar of Vehumet.
   536 | D        | Reached skill level 13 in Stealth
   536 | D        | Reached skill level 1 in Evocations
   536 | D        | Reached XP level 5. HP: 16/28 MP: 4/6
   683 | D        | Reached skill level 5 in Dodging
   690 | D        | Reached skill level 14 in Stealth
   762 | D        | Reached skill level 15 in Stealth
   762 | D        | Reached XP level 6. HP: 19/32 MP: 7/7
   924 | D        | Noticed a queen bee
   931 | D        | Killed a queen bee
   932 | D        | Reached skill level 5 in Throwing
   932 | D        | Reached skill level 16 in Stealth
   932 | D        | Reached skill level 5 in Evocations
   933 | D        | Reached XP level 7. HP: 38/38 MP: 6/8
   934 | D        | Reached skill level 17 in Stealth
   998 | D        | Noticed an oklob plant
  1001 | D        | Killed an oklob plant
  1002 | D        | Reached skill level 5 in Fighting
  1002 | D        | Reached skill level 18 in Stealth
  1002 | D        | Reached XP level 8. HP: 43/43 MP: 6/9
  1053 | D        | Noticed a burning bush
  1056 | D        | Killed a burning bush
  1057 | D        | Reached skill level 19 in Stealth
  1115 | D        | Noticed a burning bush
  1115 | D        | Noticed an oklob plant
  1116 | D        | Noticed a wandering mushroom
  1385 | D        | Killed an oklob plant
  1386 | D        | Reached skill level 1 in Shields
  1389 | D        | Killed a wandering mushroom
  1390 | D        | Reached skill level 20 in Stealth
  1589 | D        | Killed from afar by a burning bush

Illustrated notes

Levels and vault maps discovered:
D:        dungeon_sprint_fedhas [sprint_temple]

Skill      XL: |  1  2  3  4  5  6  7  8 |
---------------+-------------------------+-----
Dodging        | 2 3 4 5 7 8 9 |  9.0
Stealth        | 7 9 11 13 15 16 18 20 | 20.0
Fighting       | 2 3 4 5 |  5.8
Short Blades   | 3 4 |  4.4
Throwing       | 3 4 5 6 |  6.8
Evocations     | 1 3 5 7 9 |  9.3
Shields        | 1 |  1.6

Action                   |  1- 3 |  4- 6 |  7- 9 || total
-------------------------+-------+-------+-------++-------
Melee: Dagger            |     7 |    18 |    79 ||   104
Throw: Dart              |    10 |    12 |       ||    22
 Abil: Evoke Invisibilit |       |     3 |     5 ||     8
  Use: Potion            |     1 |     1 |       ||     2
 Stab: Sleeping          |     1 |     4 |     8 ||    13
       Invisible         |       |     1 |       ||     1
Armor: Robe              |     1 |       |       ||     1
Dodge: Dodged            |     2 |    13 |    17 ||    32
Block: Buckler           |       |       |     5 ||     5
       Reflection        |       |       |     5 ||     5
